cohdb
Replays
Latest Replays
All Replays
Popular Replays
Top Player Replays
Match Explorer
How It Works
Community
CoH3 Stats
Reddit
Sign in to upload your games and track your stats! →
Sign in with Steam
Match 46674158
Unlisted
Match 46674158
Overview
Messages
Build Orders
End
Construct Infanterie Kompanie
MG 42 Machine Gun Team
Selects Mechanized Battlegroup
Grenadier Squad
Grenadier Squad
MG 42 Machine Gun Team
Construct Luftwaffe Kompanie
Flak 30 Anti-aircraft Gun Team
Jäger Squad
Flak 30 Anti-aircraft Gun Team
Pioneer Squad
Selects Spotting Scopes
Selects Wespe Self-propelled Artillery
Wespe Self-propelled Artillery
Medical Bunker
Wespe Self-propelled Artillery
Wespe Self-propelled Artillery
Support Elements
221 Scout Car
Selects Zeroing Artillery Barrage
FREAK THE DUDE
_StArK_
ggbilli
Sparkle
Mo-J
Wheeler
0
0
Comments
sign in to comment!
No comments posted yet!